 Dungeon Crawl Stone Soup version 0.28.0-53-g5a82cb258f (webtiles) character file.

Game seed: 2300867161942162160

70768 MisterFreud the Covert (level 15, 0/120 HPs)
             Began as a Gnoll Delver on May 31, 2022.
             Was an Initiate of Gozag.
             Slain by a minotaur
             ... wielding a +4 eveningstar of protection
              (23 damage)
             ... in a Gauntlet.
             The game lasted 00:39:32 (29415 turns).

MisterFreud the Covert (Gnoll Delver)              Turns: 29415, Time: 00:39:33

Health: 0/120      AC: 15    Str: 15    XL:     15   Next: 34%
Magic:  29/29      EV: 17    Int: 18    God:    Gozag
Gold:   5099       SH:  0    Dex: 13    Spells: 23/34 levels left

rFire   + . .      SeeInvis +   I - +6 rapier "Keid" {spect, SInv}
rCold   + . .      Faith    .   (no shield)
rNeg    . . .      Spirit   .   O - +2 robe {rC+ rF+}
rPois   .          Reflect  .   E - +1 helmet "Ochesew" {Str+4}
rElec   .          Harm     .   a - +1 cloak
rCorr   .          Rampage  .   j - +1 pair of gloves
Will    +....      NoTele   +   q - +2 pair of boots
Stlth   +++++.....              n - amulet of the acrobat
HPRegen 0.30/turn               X - ring "Jusipint" {Slay+4 SInv}
MPRegen 0.21/turn               Q - +4 ring of slaying

@: no status effects
A: fangs 1, strong nose, distributed training
a: Renounce Religion, Potion Petition, Call Merchant, Bribe Branch


You were in a Gauntlet.
You worshipped Gozag.
Gozag was greatly pleased with you.
You visited 2 branches of the dungeon, and saw 21 of its levels.
You also visited: Gauntlet and Ice Cave.

You collected 5851 gold pieces.
You spent 400 gold pieces at shops.
You paid 352 gold pieces to Gozag.

Inventory:

Hand Weapons
 x - a +2 spectral morningstar
 I - the +6 rapier "Keid" (weapon) {spect, SInv}
   (You found it on level 9 of the Dungeon)

   When its wielder attacks, the weapon's spirit leaps out and strikes again.
   The spirit shares a part of any damage it takes with its wielder.
   SInv:      It lets you see invisible.
Missiles
 b - a throwing net
 t - 28 poisoned darts (quivered)
 w - 8 javelins
 y - 8 curare-tipped darts
Armour
 a - a +1 cloak (worn)
 h - a +2 helmet
 i - a +0 kite shield
 j - a +1 pair of gloves (worn)
 q - a +2 pair of boots (worn)
 E - the +1 helmet "Ochesew" (worn) {Str+4}
   (You found it in a Gauntlet)

   Str:       It affects your strength (+4).
 O - a +2 robe of resistance (worn)
Jewellery
 m - a ring of poison resistance
 n - an amulet of the acrobat (around neck)
 u - a ring of resist corrosion
 L - the amulet of the Coward {Harm Will+ Regen+ Str+4 Stlth+}
   (You found it in a Gauntlet)

   [amulet of regeneration]

   Str:       It affects your strength (+4).
   Regen:     It increases your rate of health regeneration.
   Harm:      It increases damage dealt and taken.
   Will:      It increases your willpower.
   Stlth:     It makes you more stealthy.
 Q - a +4 ring of slaying (right hand)
 T - a ring of protection from fire
 X - the ring "Jusipint" (left hand) {Slay+4 SInv}
   (You found it on level 4 of the Lair of Beasts)

   [ring of slaying]

   Slay:      It affects your accuracy & damage with ranged weapons and melee
   (+4).
   SInv:      It lets you see invisible.
Wands
 g - a wand of digging (5)
 k - a wand of flame (27)
 r - a wand of charming (11)
 A - a wand of acid (16)
 B - a wand of polymorph (6)
 C - a wand of paralysis (12)
 H - a wand of iceblast (12)
Scrolls
 c - 7 scrolls of fog
 d - 3 scrolls of magic mapping
 s - 7 scrolls of teleportation
 D - 3 scrolls of fear
 F - a scroll of amnesia
 G - 2 scrolls of immolation
 M - 5 scrolls of enchant weapon
 N - 4 scrolls of blinking
 W - 2 scrolls of enchant armour
Potions
 e - 8 potions of curing
 f - 2 potions of haste
 o - a potion of brilliance
 p - a potion of cancellation
 v - 3 potions of heal wounds
 z - 3 potions of flight
 J - 2 potions of berserk rage
 K - 5 potions of lignification
 P - 2 potions of magic
 S - a potion of invisibility
 U - a potion of might
 Y - a potion of mutation {unknown}
Miscellaneous
 l - a tin of tremorstones (inert)
 R - a phial of floods


   Skills:
 + Level 11.9 Fighting
 + Level 11.0 Short Blades
 + Level 10.0 Long Blades
 + Level 10.0 Axes
 + Level 10.0 Maces & Flails
 + Level 10.0 Polearms
 + Level 10.0 Staves
 + Level 10.0 Slings
 + Level 10.0 Bows
 + Level 10.0 Crossbows
 + Level 10.0 Throwing
 + Level 10.0 Armour
 + Level 11.0 Dodging
 + Level 13.6 Stealth
 + Level 10.0 Shields
 + Level 10.0 Unarmed Combat
 + Level 10.0 Spellcasting
 + Level 8.4 Conjurations
 + Level 8.4 Hexes
 + Level 8.4 Summonings
 + Level 8.4 Necromancy
 + Level 8.4 Translocations
 + Level 8.4 Transmutations
 + Level 8.4 Fire Magic
 + Level 8.4 Ice Magic
 + Level 8.4 Air Magic
 + Level 8.4 Earth Magic
 + Level 8.4 Poison Magic
 + Level 10.9 Invocations
 + Level 10.0 Evocations


You had 23 spell levels left.
You knew the following spells:

 Your Spells              Type           Power      Damage    Failure   Level
a - Mephitic Cloud        Conj/Pois/Air  39%        N/A       1%          3
b - Passwall              Tmut/Erth      32%        N/A       1%          2
c - Stone Arrow           Conj/Erth      78%        3d11      1%          3
d - Vampiric Draining     Necr           39%        2d8       1%          3

Your spell library contained the following spells:

 Spells                   Type           Power      Damage    Failure   Level
 Animate Skeleton         Necr           78%        N/A       1%          1
 Magic Dart               Conj           100%       1d8       1%          1
 Pain                     Necr           100%       1d9       1%          1
 Sandblast                Erth           78%        2d17      1%          1
 Call Imp                 Summ           39%        N/A       1%          2
 Ensorcelled Hibernation  Hex/Ice        78%        N/A       1%          2
 Sublimation of Blood     Necr           39%        N/A       1%          2
 Frozen Ramparts          Ice            78%        1d9       1%          3
 Swiftness                Air            39%        N/A       1%          3
 Ice Form                 Ice/Tmut       39%        N/A       2%          4
 Petrify                  Tmut/Erth      39%        N/A       2%          4
 Summon Ice Beast         Ice/Summ       39%        N/A       2%          4
 Fireball                 Conj/Fire      19%        3d9       7%          5
 Freezing Cloud           Conj/Ice/Air   19%        6-21      7%          5
 Irradiate                Conj/Tmut      19%        3d20      7%          5
 Iskenderun's Battlesphe  Conj           39%        2d9       7%          5
 Summon Forest            Summ/Tloc      19%        N/A       7%          5
 Conjure Ball Lightning   Conj/Air       19%        3x3d6     36%         6
 Eringya's Noxious Bog    Tmut/Pois      19%        N/A       36%         6
 Simulacrum               Ice/Necr       19%        N/A       36%         6
 Orb of Destruction       Conj           19%        9d8       91%         7
 Summon Hydra             Summ           19%        N/A       91%         7
 Polar Vortex             Ice            19%        N/A       100%        9


Dungeon Overview and Level Annotations

Branches:
Dungeon (15/15)            Temple (0/1) D:6            Lair (6/6) D:9
  Swamp (0/4) Lair:2       Spider (0/4) Lair:4        Slime (0/5) Lair:6
    Orc (0/2) D:9          Vaults (0/5) D:14          IceCv (visited)
Gauntlet (1/1)
 Depths: D:15

Altars:
Elyvilon
Fedhas
Gozag
Hepliaklqana
Okawaru
Ru
Trog
Uskayaw
Vehumet
Yredelemnul
The Shining One

Shops:
D:5 *   D:6 (

Annotations:
Lair:4 exclusion: oklob plant
Lair:6 2 runed translucent doors, exclusion: oklob plant Gauntlet 4 transporters


Innate Abilities, Weirdness & Mutations

You have very sharp teeth.
Your uncanny sense of smell can sniff out nearby items.
Your experience applies equally to all skills.


Message History

The minotaur headbutts you!
* * * LOW HITPOINT WARNING * * *
You bite the minotaur, but do no damage.
The minotaur is severely wounded.
Your +6 rapier "Keid" {spect, SInv} closely misses the minotaur.
The minotaur furiously retaliates!
The minotaur headbutts your +6 rapier "Keid" {spect, SInv}, but does no damage.
The minotaur hits you with a +4 eveningstar of protection!!
* * * LOW HITPOINT WARNING * * *
The minotaur gores you but does no damage.
Unknown command. [a] - 352 gold - curing, magic and heal wounds [b] - 260 gold - heal wounds and magic [c] - 522 gold - resistance and invisibility Purchase which effect?
You feel better. Magic courses through your body.
You feel much better.
The minotaur hits you with a +4 eveningstar of protection.
* * * LOW HITPOINT WARNING * * *
The minotaur barely misses you.
Unknown command.
Unknown command.
Unknown command.
Unknown command.
You hit the minotaur but do no damage.
The minotaur is severely wounded.
Your +6 rapier "Keid" {spect, SInv} hits the minotaur.
Unknown command.
You puncture the minotaur!
You punch the minotaur, but do no damage.
You bite the minotaur.
The minotaur is almost dead.
Your +6 rapier "Keid" {spect, SInv} hits the minotaur but does no damage.
The minotaur barely misses you. The minotaur closely misses you.
Unknown command.
You hit the minotaur but do no damage.
The minotaur is almost dead.
Your +6 rapier "Keid" {spect, SInv} hits the minotaur but does no damage.
The minotaur hits you with a +4 eveningstar of protection!!
You die...
Your body crumbles into a pile of gold.

∆ ##+### #.⌠..#
#.§§⌠+∆ +⌠.H.#
#.@(.# ##.###
#######'#######
#.............#
#.###.###.###.#
#.............#
###.###.###.###
###.###.###.###
#.............#


You could see a minotaur and a friendly +6 rapier "Keid" {spect, SInv}
(summoned).

Vanquished Creatures
  Rupert (Lair:3)
  A reaper (Gauntlet)
  Nessos (D:13)
  Azrael (D:13)
  A dire elephant (Lair:3)
  Josephine (Lair:5)
  4 boulder beetles
  4 vault guards (D:14)
  A catoblepas (D:14)
  6 hydras
  5 centaur warriors
  4 two-headed ogres
  A skeletal warrior (D:15)
  A lindwurm (Lair:6)
  2 wizards (Gauntlet)
  2 ugly things
  3 cyclopes
  2 manticores
  6 slime creatures
  30 elephants
  2 ice statues (IceCv)
  8 black mambas
  A torpor snail (Lair:4)
  2 gargoyles
  12 cane toads
  An unseen horror (D:12)
  2 molten gargoyles (Lair:6)
  Maggie (D:8)
  5 yaktaurs
  14 komodo dragons
  A freezing wraith (IceCv)
  An efreet (D:14)
  A hellwing (Gauntlet)
  4 trolls
  A meliai (D:14)
  A merfolk (D:11)
  A hornet (D:7)
  A blink frog (shapeshifter) (D:14)
  3 blink frogs (Lair:6)
  A meliai zombie (D:10)
  Sigmund (D:4)
  A spriggan (Lair:3)
  6 wraiths
  7 wyverns
  2 vampires
  5 basilisks
  3 fire elementals (D:13)
  3 water elementals (D:13)
  32 yaks
  7 steam dragons
  A vampire mosquito (D:14)
  The ghost of EtherCrawl the Firebug, an amateur OpFE (D:3)
  9 hell hounds
  An acid dragon (D:11)
  8 water moccasins
  4 orc warriors
  A swamp drake (D:9)
  2 ice beasts
  5 sky beasts
  A black bear (Lair:5)
  3 ogres
  7 wolves
  9 centaurs
  2 phantoms
  3 kobold brigands
  4 bullfrogs
  2 gnoll sergeants
  A wyvern zombie (D:7)
  3 scorpions
  A water moccasin skeleton (D:5)
  12 killer bees
  6 wights
  3 howler monkeys
  7 electric eels
  2 lava snakes (Lair:6)
  A bullfrog zombie (D:6)
  4 centaur zombies
  7 hounds
  8 jellies
  A gnoll shaman (D:6)
  5 orc priests
  5 iguanas
  11 orc wizards
  A polar bear simulacrum (IceCv)
  A wolf simulacrum (IceCv)
  2 killer bee zombies
  A mummy (D:4)
  2 howler monkey skeletons
  2 howler monkey zombies
  Robin (D:4)
  11 gnolls
  7 adders
  2 shadow imps (Gauntlet)
  2 white imps (Gauntlet)
  An ufetubus (D:7)
  2 worms
  2 dart slugs (D:2)
  50 orcs
  5 endoplasms
  4 giant cockroaches
  20 goblins
  10 hobgoblins
  17 kobolds
  5 quokkas
  5 ball pythons
  2 bats (D:2)
  4 frilled lizards
  A hobgoblin zombie (D:4)
  2 kobold zombies (D:4)
  An orc zombie (D:4)
  4 rats
514 creatures vanquished.

Vanquished Creatures (collateral kills)
  A shadow (D:13)
1 creature vanquished.

Vanquished Creatures (others)
  A troll (D:13)
  2 slime creatures (D:13)
  An electric eel (D:13)
  A gnoll (D:9)
  A shadow imp (Gauntlet)
  An orc (D:9)
  64 fungi
  48 plants
119 creatures vanquished.

Grand Total: 634 creatures vanquished

Notes
Turn   | Place    | Note
-------+----------+-------------------------------------------
     0 | D:5      | Reached skill level 9 in Stealth
     0 | D:5      | MisterFreud the Gnoll Delver began the quest for the Orb.
     0 | D:5      | Reached XP level 1. HP: 23/23 MP: 1/1
     1 | D:6      | Found Poixohut's Antique Weapon Emporium.
    18 | D:5      | Noticed a sky beast
    31 | D:6      | Noticed a jelly
    34 | D:6      | Noticed a bullfrog
    36 | D:6      | Killed a bullfrog
    37 | D:6      | Reached skill level 1 in Long Blades
    37 | D:6      | Reached skill level 1 in Axes
    37 | D:6      | Reached skill level 1 in Maces & Flails
    37 | D:6      | Reached skill level 1 in Polearms
    37 | D:6      | Reached skill level 1 in Staves
    37 | D:6      | Reached skill level 1 in Slings
    37 | D:6      | Reached skill level 1 in Bows
    37 | D:6      | Reached skill level 1 in Crossbows
    37 | D:6      | Reached skill level 1 in Throwing
    37 | D:6      | Reached skill level 1 in Armour
    37 | D:6      | Reached skill level 1 in Shields
    37 | D:6      | Reached skill level 1 in Unarmed Combat
    37 | D:6      | Reached skill level 1 in Spellcasting
    37 | D:6      | Reached skill level 1 in Invocations
    37 | D:6      | Reached skill level 1 in Evocations
    37 | D:6      | Reached XP level 2. HP: 29/29 MP: 1/3
    37 | D:6      | Reached XP level 3. HP: 35/35 MP: 1/4
    37 | D:6      | Reached XP level 4. HP: 41/41 MP: 1/5
    73 | D:5      | Reached skill level 1 in Conjurations
    73 | D:5      | Reached skill level 1 in Hexes
    73 | D:5      | Reached skill level 1 in Summonings
    73 | D:5      | Reached skill level 1 in Necromancy
    73 | D:5      | Reached skill level 1 in Translocations
    73 | D:5      | Reached skill level 1 in Transmutations
    73 | D:5      | Reached skill level 1 in Fire Magic
    73 | D:5      | Reached skill level 1 in Ice Magic
    73 | D:5      | Reached skill level 1 in Air Magic
    73 | D:5      | Reached skill level 1 in Earth Magic
    73 | D:5      | Reached skill level 1 in Poison Magic
   120 | D:5      | Reached XP level 5. HP: 11/47 MP: 5/7
   702 | D:4      | Noticed Sigmund
   727 | D:4      | Reached XP level 6. HP: 18/53 MP: 8/8
   838 | D:4      | Noticed Robin
   856 | D:4      | Reached skill level 5 in Short Blades
   856 | D:4      | Reached skill level 5 in Dodging
  1018 | D:4      | Killed Robin
  1473 | D:5      | Reached XP level 7. HP: 59/59 MP: 10/10
  2581 | D:1      | Found a faded altar of an unknown god.
  2672 | D:1      | Prayed at the altar of an unknown god.
  2672 | D:1      | Became a worshipper of Gozag Ym Sagoz the Greedy
  4004 | D:3      | Noticed EtherCrawl's ghost (amateur OpFE)
  4028 | D:3      | Found a runed translucent gate.
  4028 | D:3      | Found a runed translucent gate.
  4028 | D:3      | Found a runed translucent gate.
  4125 | D:3      | Reached skill level 10 in Stealth
  4682 | D:3      | Killed EtherCrawl's ghost
  4683 | D:3      | Reached XP level 8. HP: 55/67 MP: 12/12
  4973 | D:4      | Killed Sigmund
  5591 | D:5      | Found Kiatetiy's Assorted Antiques.
  5599 | D:5      | Bought a pair of smoking boots for 247 gold pieces
  5599 | D:5      | Identified the +0 pair of boots of Jephuu {Str+2} (You
                  | bought it in a shop on level 5 of the Dungeon)
  5610 | D:5      | Bought a runed soapstone amulet for 130 gold pieces
  5616 | D:5      | Bought a lumpy puce potion for 23 gold pieces
  6341 | D:6      | Reached XP level 9. HP: 70/72 MP: 14/14
  6747 | D:6      | Found a staircase to the Ecumenical Temple.
  6800 | D:6      | Found a white marble altar of Elyvilon.
  7041 | D:7      | HP: 1/65 [wight/+0 halberd (9)]
  7524 | D:7      | Reached skill level 5 in Invocations
  7855 | D:7      | Noticed a hornet
  7859 | D:7      | Killed a hornet
  7860 | D:7      | Reached XP level 10. HP: 78/80 MP: 17/17
  8273 | D:7      | Found a sacrificial altar of Ru.
  8276 | D:7      | Found a basalt altar of Yredelemnul.
  8343 | D:8      | Reached skill level 5 in Long Blades
  8343 | D:8      | Reached skill level 5 in Axes
  8343 | D:8      | Reached skill level 5 in Maces & Flails
  8343 | D:8      | Reached skill level 5 in Polearms
  8343 | D:8      | Reached skill level 5 in Staves
  8343 | D:8      | Reached skill level 5 in Slings
  8343 | D:8      | Reached skill level 5 in Bows
  8343 | D:8      | Reached skill level 5 in Crossbows
  8343 | D:8      | Reached skill level 5 in Throwing
  8343 | D:8      | Reached skill level 5 in Armour
  8343 | D:8      | Reached skill level 5 in Shields
  8343 | D:8      | Reached skill level 5 in Unarmed Combat
  8343 | D:8      | Reached skill level 5 in Spellcasting
  8343 | D:8      | Reached skill level 5 in Evocations
  8668 | D:8      | Found a glowing golden altar of the Shining One.
  8670 | D:8      | Found a blossoming altar of Fedhas.
  8671 | D:8      | Found a bloodstained altar of Trog.
  8735 | D:8      | Found a radiant altar of Vehumet.
  8963 | D:8      | Noticed a two-headed ogre
  8973 | D:8      | Killed a two-headed ogre
  9296 | D:8      | Noticed Maggie
  9307 | D:8      | Killed Maggie
  9308 | D:8      | Reached skill level 11 in Stealth
  9679 | D:9      | Identified the +6 rapier "Keid" {spect, SInv}
  9777 | D:9      | Found a staircase to the Lair.
  9876 | D:9      | Found a hide-covered altar of Uskayaw.
  9915 | D:9      | Found an iron altar of Okawaru.
 10508 | D:9      | Found a staircase to the Orcish Mines.
 10527 | D:9      | Reached XP level 11. HP: 75/87 MP: 19/19
 10687 | D:10     | Entered Level 10 of the Dungeon
 10826 | D:10     | Reached skill level 5 in Conjurations
 10826 | D:10     | Reached skill level 5 in Hexes
 10826 | D:10     | Reached skill level 5 in Summonings
 10826 | D:10     | Reached skill level 5 in Necromancy
 10826 | D:10     | Reached skill level 5 in Translocations
 10826 | D:10     | Reached skill level 5 in Transmutations
 10826 | D:10     | Reached skill level 5 in Fire Magic
 10826 | D:10     | Reached skill level 5 in Ice Magic
 10826 | D:10     | Reached skill level 5 in Air Magic
 10826 | D:10     | Reached skill level 5 in Earth Magic
 10826 | D:10     | Reached skill level 5 in Poison Magic
 10909 | D:10     | Learned a level 3 spell: Mephitic Cloud
 10912 | D:10     | Learned a level 2 spell: Passwall
 10916 | D:10     | Learned a level 3 spell: Stone Arrow
 10920 | D:10     | Learned a level 3 spell: Vampiric Draining
 13493 | Lair:1   | Entered Level 1 of the Lair of Beasts
 13544 | Lair:1   | Reached XP level 12. HP: 61/96 MP: 20/22
 13845 | Lair:1   | Noticed a six-headed hydra
 13846 | Lair:1   | Noticed a seven-headed hydra
 13853 | Lair:1   | Killed a six-headed hydra
 13914 | Lair:1   | Killed a seven-headed hydra
 14856 | Lair:2   | Reached skill level 12 in Stealth
 15156 | Lair:2   | Found a staircase to the Swamp.
 15604 | Lair:3   | Reached skill level 10 in Fighting
 16254 | Lair:3   | Noticed Rupert
 16268 | Lair:3   | Killed Rupert
 16269 | Lair:3   | Reached XP level 13. HP: 103/103 MP: 24/24
 16338 | Lair:3   | Noticed a dire elephant
 16353 | Lair:3   | Killed a dire elephant
 17484 | Lair:4   | Found a hole to the Spider Nest.
 18260 | Lair:4   | Identified the ring "Jusipint" {Slay+4 SInv}
 19135 | Lair:5   | Noticed Josephine
 19159 | Lair:5   | Killed Josephine
 20087 | Lair:6   | Entered Level 6 of the Lair of Beasts
 20098 | Lair:6   | Found a staircase to the Slime Pits.
 20643 | Lair:6   | Reached skill level 10 in Short Blades
 20643 | Lair:6   | Reached skill level 10 in Dodging
 20746 | Lair:6   | Reached XP level 14. HP: 112/113 MP: 26/26
 20805 | Lair:6   | Found a hazy altar of Hepliaklqana.
 22265 | Lair:5   | Reached skill level 13 in Stealth
 22594 | Lair:6   | Found a large runed translucent door.
 22594 | Lair:6   | Found a large runed translucent door.
 23994 | Lair:1   | Identified the +4 scale mail of the Cuttlefish {rPois MP-9
                  | Str+3}
 24115 | D:12     | Reached skill level 10 in Invocations
 24968 | D:13     | Noticed Azrael
 25160 | D:13     | Noticed Nessos
 25185 | D:13     | Killed Nessos
 25277 | D:13     | Found a frozen archway.
 25286 | IceCv    | Entered an ice cave
 25294 | IceCv    | Found a transporter.
 25331 | IceCv    | Found a transporter.
 26348 | D:13     | Killed Azrael
 27927 | D:14     | Reached XP level 15. HP: 116/120 MP: 28/28
 27957 | D:14     | Found a gate to the Vaults.
 28867 | D:15     | Entered Level 15 of the Dungeon
 28873 | D:15     | Reached skill level 10 in Long Blades
 28873 | D:15     | Reached skill level 10 in Axes
 28873 | D:15     | Reached skill level 10 in Maces & Flails
 28873 | D:15     | Reached skill level 10 in Polearms
 28873 | D:15     | Reached skill level 10 in Staves
 28873 | D:15     | Reached skill level 10 in Slings
 28873 | D:15     | Reached skill level 10 in Bows
 28873 | D:15     | Reached skill level 10 in Crossbows
 28873 | D:15     | Reached skill level 10 in Throwing
 28873 | D:15     | Reached skill level 10 in Armour
 28873 | D:15     | Reached skill level 10 in Shields
 28873 | D:15     | Reached skill level 10 in Unarmed Combat
 28873 | D:15     | Reached skill level 10 in Spellcasting
 28873 | D:15     | Reached skill level 10 in Evocations
 28917 | D:15     | Found a gate leading to a gauntlet.
 28927 | Gauntlet | Entered a Gauntlet
 28927 | Gauntlet | Found a transporter.
 28930 | Gauntlet | Found a transporter.
 28932 | Gauntlet | Found a transporter.
 28935 | Gauntlet | Found a transporter.
 28936 | Gauntlet | Found a transporter.
 28939 | Gauntlet | Found a transporter.
 28944 | Gauntlet | Found a transporter.
 28953 | Gauntlet | Found a transporter.
 28983 | Gauntlet | Noticed a balrug
 29059 | Gauntlet | Identified the +1 helmet "Ochesew" {Str+4}
 29378 | Gauntlet | Identified the amulet of the Coward {Harm Will+ Regen+
                  | Str+4 Stlth+}
 29411 | Gauntlet | HP: 1/120 [minotaur/+4 eveningstar of protection (18)]
 29415 | Gauntlet | Slain by a minotaur

Illustrated notes

Levels and vault maps discovered:
D:1:      evilmike_arrival_hilbert_curve, layout_rooms,
          hellmonk_ecumenical_altar_leap_of_faith
D:2:      layout_loops_ring
D:3:      minmay_door_path, layout_loops_corners, gammafunk_ghost_split,
          nicolae_concentric_dashed_squares_wild, minmay_ogre_servants
D:4:      layout_basic, chequers_serial_rivers_small_b, minmay_mini_ossuary,
          uniq_robin, uniq_sigmund
D:5:      layout_basic, serial_shops, shop, minmay_stone_trees_small,
          corexii_leaking_fountain, nrook_mini_backslash, sigmund_army
D:6:      layout_rooms, mainiacjoe_overflow_alcove_2, temple_pool_b,
          serial_curves, eino_curves_02, eino_curves_03, serial_shops, shop
D:7:      layout_rooms, minitemple, minmay_misc_feat_columns
D:8:      layout_loops_ring, general_overflow_altar,
          chequers_temple_overflow_statue_of_worship, lightli_orcish_oven,
          uniq_maggie
D:9:      layout_long_grid, nicolae_uskayaw_dance_hall,
          mainiacjoe_overflow_tiny_flanked, erik_lair_island, erik_orc_1
D:10:     cheibrodos_helix_gallery, layout_basic
D:11:     layout_roguey, minmay_misc_feat_cross, hangedman_fish_farm
D:12:     layout_rooms
D:13:     layout_basic, portal_ice_cave_entry_pillars_2, uniq_nessos,
          uniq_azrael
D:14:     layout_loops_cross, lightli_vaults_fourway_checkpoint, st_stairs_5
D:15:     grunt_enter_depths_hoard, layout_basic, minmay_misc_feat_encased,
          gauntlet_entry_generic
Lair:1:   layout_hall_layers, serial_bayou_pond_a, serial_bayou_pond_b,
          nicolae_quartered_pool_little, st_stairs_3, infiniplex_staircase_pool
Lair:2:   layout_cave_pods, swamp_mist, chequers_serial_rivers_micro_b,
          infiniplex_staircase_pool_2
Lair:3:   mu_elephants_graveyard, layout_cave_shapes, uniq_rupert
Lair:4:   layout_long_grid, spider_nest_entry_a
Lair:5:   layout_cellular_growth, columned_hall_lemuel, uniq_josephine
Lair:6:   cheibrodos_lair_end_hotspot, layout_cave_pods,
          nicolae_slime_entry_slimehenge, basic_altar
Gauntlet: minmay_gauntlet_mixed_oops_all_seconds
          [minmay_gauntlet_arena_77_two_lines, nicolae_gauntlet_arena_x,
          minmay_gauntlet_arena_77_block_sizes, gammafunk_gauntlet_arena_mazey,
          minmay_gauntlet_arena_77_checkered, nicolae_gauntlet_arena_t_cross,
          gauntlet_exit_hidden_loot]

Skill      XL: |  1  2  3  4  5  6  7  8  9 10 11 12 13 14 15 |
---------------+----------------------------------------------+-----
Stealth        | 10 11 12 13 | 13.6
Long Blades    | 1 2 3 4 5 6 7 8 9 10 | 10.0
Axes           | 1 2 3 4 5 6 7 8 9 10 | 10.0
Maces & Flails | 1 2 3 4 5 6 7 8 9 10 | 10.0
Polearms       | 1 2 3 4 5 6 7 8 9 10 | 10.0
Staves         | 1 2 3 4 5 6 7 8 9 10 | 10.0
Slings         | 1 2 3 4 5 6 7 8 9 10 | 10.0
Bows           | 1 2 3 4 5 6 7 8 9 10 | 10.0
Crossbows      | 1 2 3 4 5 6 7 8 9 10 | 10.0
Throwing       | 1 2 3 4 5 6 7 8 9 10 | 10.0
Armour         | 1 2 3 4 5 6 7 8 9 10 | 10.0
Shields        | 1 2 3 4 5 6 7 8 9 10 | 10.0
Unarmed Combat | 1 2 3 4 5 6 7 8 9 10 | 10.0
Spellcasting   | 1 2 3 4 5 6 7 8 9 10 | 10.0
Invocations    | 1 2 3 4 5 6 7 8 9 10 | 10.9
Evocations     | 1 2 3 4 5 6 7 8 9 10 | 10.0
Conjurations   | 1 2 3 4 5 6 7 8 |  8.4
Hexes          | 1 2 3 4 5 6 7 8 |  8.4
Summonings     | 1 2 3 4 5 6 7 8 |  8.4
Necromancy     | 1 2 3 4 5 6 7 8 |  8.4
Translocations | 1 2 3 4 5 6 7 8 |  8.4
Transmutations | 1 2 3 4 5 6 7 8 |  8.4
Fire Magic     | 1 2 3 4 5 6 7 8 |  8.4
Ice Magic      | 1 2 3 4 5 6 7 8 |  8.4
Air Magic      | 1 2 3 4 5 6 7 8 |  8.4
Earth Magic    | 1 2 3 4 5 6 7 8 |  8.4
Poison Magic   | 1 2 3 4 5 6 7 8 |  8.4
Short Blades   | 5 6 7 8 9 10 11 | 11.0
Dodging        | 5 6 7 8 9 10 11 | 11.0
Fighting       | 7 8 9 10 11 | 11.9

Action                   |  1- 3 |  4- 6 |  7- 9 | 10-12 | 13-15 || total
-------------------------+-------+-------+-------+-------+-------++-------
Melee: Short sword       |     1 |   142 |   182 |       |       ||   325
       Bite              |       |    19 |    26 |    85 |   125 ||   255
       Punch             |       |     6 |    13 |    26 |    53 ||    98
       Morningstar       |       |       |   161 |    83 |       ||   244
       Rapier            |       |       |       |   371 |   621 ||   992
Throw: Dart              |       |       |       |     2 |       ||     2
 Cast: Stone Arrow       |       |       |       |    13 |       ||    13
       Mephitic Cloud    |       |       |       |     5 |     1 ||     6
Invok: Potion Petition   |       |       |       |       |     1 ||     1
Evoke: Wand              |       |     1 |       |     5 |     6 ||    12
       Phial of floods   |       |       |       |     1 |       ||     1
       Tin of tremorston |       |       |       |       |     2 ||     2
  Use: Scroll            |       |     1 |    11 |     9 |     7 ||    28
       Potion            |       |       |       |     1 |     1 ||     2
 Stab: Sleeping          |     1 |     5 |    19 |    22 |    19 ||    66
       Distracted        |       |     1 |     2 |    10 |    26 ||    39
       Confused          |       |       |       |     7 |       ||     7
Armor: Leather armour    |       |    34 |   108 |    17 |       ||   159
       Steam dragon scal |       |       |       |    87 |   124 ||   211
       Robe              |       |       |       |       |    67 ||    67
Dodge: Dodged            |       |    93 |   211 |   286 |   394 ||   984
